 Dungeon Crawl Stone Soup version 0.25.1-9-gc5326a611f (webtiles) character file.

Game seed: 1349957108420144209

1649 Acheron the Chopper (level 9, -3/52 HPs)
             Began as a Gargoyle Monk on Jan 1, 2021.
             Was an Elder of Okawaru.
             Slain by a two-headed ogre
             ... wielding a +0 giant club
              (8 damage)
             ... on level 9 of the Dungeon.
             The game lasted 00:21:09 (5462 turns).

Acheron the Chopper (Gargoyle Monk)                 Turns: 5462, Time: 00:21:10

Health: -3/52      AC: 15    Str: 14    XL:     9   Next: 0%
Magic:  13/13      EV: 13    Int: 14    God:    Okawaru [****..]
Gold:   363        SH: 10    Dex: 19    Spells: 14/14 levels left

rFire    . . .     SeeInvis .   w - +0 war axe (vorpal)
rCold    . . .     Gourm    .   h - +0 buckler
rNeg     + . .     Faith    .   f - +0 ring mail
rPois    ∞         Spirit   .   (no helmet)
rElec    +         Reflect  +   z - +0 cloak
rCorr    .         Harm     .   b - +0 pair of gloves
MR       .....                  q - +0 pair of boots
Stlth    ++........             a - amulet of reflection
HPRegen  0.17/turn              r - +6 ring of dexterity
MPRegen  0.13/turn              (no ring)

@: about to teleport, marked
A: negative energy resistance 1, electricity resistance, unbreathing,
petrification resistance, rot immunity, AC +6
a: Heroism, Renounce Religion


You were on level 9 of the Dungeon.
You worshipped Okawaru.
Okawaru was greatly pleased with you.
You were very hungry.

You visited 2 branches of the dungeon, and saw 10 of its levels.

You collected 363 gold pieces.

Inventory:

Hand Weapons
 i - a +0 vorpal war axe
 t - a +2 dagger of venom
 w - a +0 vorpal war axe (weapon)
Missiles
 d - 12 sling bullets
 e - 30 poisoned darts (quivered)
 j - a throwing net
 k - 59 stones
 F - 4 boomerangs
Armour
 b - a +0 pair of gloves (worn)
 f - a +0 ring mail (worn)
 h - a +0 buckler (worn)
 l - a +0 scale mail
 q - a +0 pair of boots (worn)
 z - a +0 cloak (worn)
Jewellery
 a - an amulet of reflection (around neck)
 r - a +6 ring of dexterity (left hand)
 u - a cursed amulet of inaccuracy {unknown}
 B - an uncursed amulet of guardian spirit {unknown}
Wands
 C - a wand of iceblast (35)
 G - a wand of disintegration (15)
 H - a wand of flame (13)
Scrolls
 g - 2 scrolls of immolation
 n - 3 scrolls of remove curse
 s - a scroll of teleportation
 x - 2 scrolls of identify
 y - 2 scrolls of enchant armour {unknown}
 A - a scroll of magic mapping
Potions
 m - a potion of mutation
 o - a potion of resistance {unknown}
 p - a potion of curing {unknown}
 v - a potion of lignification {unknown}
 D - a potion of flight {unknown}
Comestibles
 c - 8 rations


   Skills:
 * Level 4.6 Fighting
 * Level 6.1 Axes
 * Level 3.1 Throwing
 * Level 2.9 Armour
 * Level 4.0 Dodging
 * Level 4.7 Stealth
 * Level 3.0 Shields
 * Level 3.1 Spellcasting
 * Level 1.2 Invocations
 * Level 1.0 Evocations


You had 14 spell levels left.
You didn't know any spells.
Your spell library was empty.

Dungeon Overview and Level Annotations

Branches:
Dungeon (9/15)             Temple (1/1) D:4
   Lair: D:8-11         Orc: D:9-12

Altars:
Ashenzari
Cheibriados
Elyvilon
Fedhas
Gozag
Hepliaklqana
Kikubaaqudgha
Makhleb
Nemelex Xobeh
Okawaru
Qazlal
Ru
Sif Muna
Trog
Vehumet
Xom
Yredelemnul
Zin
The Shining One

Shops:
D:5 (

Annotations:
D:7 exclusion: downstairs
D:8 Harold


Innate Abilities, Weirdness & Mutations

You are resistant to torment.
Your stone body is resilient. (AC +6)
You are immune to poison.
You resist negative energy. (rN+)
You are resistant to electric shocks. (rElec)
You can survive without breathing.
You are immune to petrification.
You are immune to rotting.


Message History

The two-headed ogre closely misses you. You block the two-headed ogre's attack.
You hit the two-headed ogre.
The two-headed ogre is moderately wounded.
The two-headed ogre completely misses you.
You block the two-headed ogre's attack.
You hit the two-headed ogre but do no damage.
The two-headed ogre is moderately wounded.
The two-headed ogre barely misses you.
The two-headed ogre hits you but does no damage.
Your shield and ring mail prevent you from hitting the two-headed ogre.
The two-headed ogre is moderately wounded.
The two-headed ogre hits you with a +0 giant club!
* * * LOW HITPOINT WARNING * * *
You block the two-headed ogre's attack.
As you read the scroll of teleportation, it crumbles to dust.
You feel strangely unstable.
The two-headed ogre hits you with a +0 giant club!
* * * LOW HITPOINT WARNING * * *
The two-headed ogre hits you with a +0 giant spiked club!
You die...

# ..# #.<.########
#........#
#############.<...#
......=S.oO@(.(...#
#############.....#
#.....# #######


You could see a two-headed ogre, an adder and an orc.

Vanquished Creatures
  An ice beast (D:5)
  A sky beast (D:6)
  2 ogres
  A phantom (D:5)
  3 centaurs
  2 big kobolds (D:9)
  A bullfrog (D:9)
  3 scorpions
  4 howler monkeys
  A crimson imp (D:5)
  A bullfrog zombie (D:7)
  A hound (D:9)
  2 orc wizards
  An iguana (D:9)
  A worker ant (D:5)
  3 hound zombies (D:6)
  2 hound skeletons
  A worker ant zombie (D:9)
  3 gnolls (D:3)
  A howler monkey skeleton (D:7)
  5 adders
  3 oozes
  2 worms (D:2)
  11 orcs
  A giant cockroach (D:1)
  3 goblins
  8 hobgoblins
  8 jackals
  20 kobolds
  A quokka (D:3)
  7 bats
  2 frilled lizards
  A giant cockroach zombie (D:6)
  4 rats
111 creatures vanquished.

Vanquished Creatures (others)
  A kobold (D:9)
1 creature vanquished.

Grand Total: 112 creatures vanquished

Notes
Turn   | Place    | Note
-------+----------+-------------------------------------------
     0 | D:1      | Acheron the Gargoyle Monk began the quest for the Orb.
     0 | D:1      | Reached XP level 1. HP: 14/14 MP: 1/1
    72 | D:1      | You fall into a shaft and drop 1 floor!
   184 | D:2      | Noticed an orc wizard
   651 | D:1      | Reached XP level 2. HP: 19/19 MP: 2/2
   713 | D:1      | Reached skill level 3 in Axes
  1097 | D:2      | Found a sparkling altar of Nemelex Xobeh.
  1165 | D:2      | You fall into a shaft and drop 2 floors!
  1207 | D:4      | Found a staircase to the Ecumenical Temple.
  1223 | Temple   | Entered the Ecumenical Temple
  1389 | Temple   | Became a worshipper of Warmaster Okawaru
  1389 | Temple   | Reached * piety under Okawaru
  1389 | Temple   | Reached ** piety under Okawaru
  1460 | D:3      | Reached XP level 3. HP: 23/23 MP: 3/3
  1620 | D:3      | Found a sacrificial altar of Ru.
  1635 | D:3      | Reached XP level 4. HP: 28/28 MP: 3/5
  1666 | D:3      | Reached skill level 1 in Spellcasting
  1980 | D:2      | Reached skill level 1 in Throwing
  1981 | D:2      | Reached XP level 5. HP: 23/33 MP: 6/6
  2879 | D:3      | Reached skill level 1 in Armour
  3081 | D:5      | Entered Level 5 of the Dungeon
  3151 | D:5      | Reached skill level 4 in Axes
  3151 | D:5      | Reached XP level 6. HP: 32/38 MP: 8/8
  3367 | D:5      | Noticed a phantom
  3376 | D:5      | Reached skill level 1 in Shields
  3409 | D:5      | Killed a phantom
  3409 | D:5      | Reached *** piety under Okawaru
  3409 | D:5      | Reached XP level 7. HP: 21/42 MP: 8/10
  3565 | D:5      | Found Iboimpu's Antique Weapon Emporium.
  3665 | D:5      | Found a hazy altar of Hepliaklqana.
  3911 | D:5      | Noticed a two-headed ogre
  4254 | D:8      | Noticed Harold
  4288 | D:7      | Reached skill level 5 in Axes
  4288 | D:7      | Reached XP level 8. HP: 48/48 MP: 11/11
  4512 | D:7      | Found a bloodstained altar of Trog.
  4512 | D:7      | Found a shattered altar of Ashenzari.
  4707 | D:7      | Reached **** piety under Okawaru
  5231 | D:9      | Noticed a two-headed ogre
  5236 | D:9      | Reached skill level 1 in Invocations
  5413 | D:8      | Reached skill level 6 in Axes
  5453 | D:9      | Reached skill level 1 in Evocations
  5453 | D:9      | Reached XP level 9. HP: 52/52 MP: 13/13
  5462 | D:9      | Slain by a two-headed ogre

Illustrated notes

Levels and vault maps discovered:
D:1:      dpeg_arrival_tiny_a, layout_basic, minmay_misc_feat_enclosed
D:2:      layout_loops_cross, first_ration, nemelex_spade_bored_becter
D:3:      layout_loops_corners, nicolae_ru_sacrificial_ziggurat
D:4:      layout_cave_pools, grunt_dithmenos_smoke,
          nicolae_overflow_crystal_walls, minmay_temple_entry_statues_fountains
D:5:      layout_basic, old_standard_altar, serial_shops, nicolae_shop_trees
D:6:      minmay_chambers_of_sixes, layout_basic
D:7:      layout_loops_ring, gammafunk_temple_overflow_wave
D:8:      layout_loops_cross, basic_altar, the_bakery, kennysheep_nub,
          uniq_harold
D:9:      layout_rooms, eat_drink_and_be_merry_uskayaw
Temple:   eino_temple_rhombus

Skill      XL: |  1  2  3  4  5  6  7  8 |
---------------+-------------------------+-----
Axes           | 3 4 5 6 |  6.1
Spellcasting   | 1 2 3 |  3.1
Throwing       | 1 2 3 |  3.1
Armour         | 1 2 |  2.9
Dodging        | 3 4 |  4.0
Stealth        | 3 4 |  4.7
Shields        | 1 2 3 |  3.0
Fighting       | 4 |  4.6
Invocations    | 1 |  1.2
Evocations     | 1 |  1.0

Action                   |  1- 3 |  4- 6 |  7- 9 || total
-------------------------+-------+-------+-------++-------
Melee: Hand axe          |    64 |       |       ||    64
       War axe           |    34 |   127 |   172 ||   333
Throw: Dart              |       |     4 |       ||     4
Evoke: Wand              |       |       |     1 ||     1
  Use: Scroll            |     6 |     1 |     5 ||    12
       Potion            |     1 |       |       ||     1
 Stab: Sleeping          |       |     2 |     3 ||     5
  Eat: Ration            |     1 |       |     1 ||     2
       Chunk             |       |     5 |     2 ||     7
Armor: Ring mail         |    58 |    46 |    94 ||   198
       Robe              |     2 |       |       ||     2
Dodge: Dodged            |    59 |    53 |   122 ||   234
Block: Buckler           |    30 |    60 |   110 ||   200
       Reflection        |       |     7 |     6 ||    13
